 Dungeon Crawl Stone Soup version 0.28.0-47-ge53b351184 (webtiles) character file.

Game seed: 2666493210186842810

7991 pkoi the Zephyrmancer (level 10, -7/81 HPs)
             Began as a Demigod Air Elementalist on May 7, 2022.
             Mangled by a komodo dragon (14 damage)
             ... on level 9 of the Dungeon.
             The game lasted 00:23:16 (20097 turns).

pkoi the Zephyrmancer (Demigod Air Elementalist)   Turns: 20097, Time: 00:23:17

Health: -7/81      AC:  8    Str:  9    XL:     10   Next: 74%
Magic:  16/22      EV: 15    Int: 26    God:
Gold:   213        SH:  0    Dex: 22    Spells: 8/20 levels left

rFire   + . .      SeeInvis .   E - +2 quarterstaff (spect)
rCold   + . .      Faith    .   (shield currently unavailable)
rNeg    + . .      Spirit   .   d - +3 robe of the Old World {Int-3 Dex+8}
rPois   .          Reflect  .   (no helmet)
rElec   .          Harm     .   m - scarf {rC+ rF+}
rCorr   .          Rampage  .   e - +2 pair of gloves
Will    +....                   (no boots)
Stlth   ++........              (no amulet)
HPRegen 0.23/turn               v - ring of positive energy
MPRegen 0.18/turn               C - +4 ring of slaying

@: studying Staves
A: high MP 1, forlorn, divine attributes
a: no special abilities


You were on level 9 of the Dungeon.
You visited 2 branches of the dungeon, and saw 11 of its levels.

You collected 587 gold pieces.
You spent 374 gold pieces at shops.

Inventory:

Hand Weapons
 y - a +6 spear of freezing
 E - a +2 spectral quarterstaff (weapon)
Missiles
 l - 9 poisoned darts
Armour
 a - a +0 robe
 d - the +3 robe of the Old World (worn) {Int-3 Dex+8}
   (You found it on level 6 of the Dungeon)

   Int:       It affects your intelligence (-3).
   Dex:       It affects your dexterity (+8).
 e - a +2 pair of gloves (worn)
 m - a scarf of resistance (worn)
 p - a +2 leather armour of willpower
Jewellery
 h - a +6 ring of strength
 k - a ring of resist corrosion
 v - a ring of positive energy (left hand)
 B - a ring of fire
 C - a +4 ring of slaying (right hand)
Wands
 b - a wand of charming (3)
 j - a wand of polymorph (9)
 r - a wand of flame (12)
Scrolls
 c - 3 scrolls of teleportation
 g - a scroll of enchant weapon
 s - a scroll of silence
 t - 2 scrolls of fear
 u - a scroll of fog
 w - 2 scrolls of magic mapping
 x - 3 scrolls of identify
Potions
 f - 2 potions of heal wounds
 i - 3 potions of ambrosia
 n - 4 potions of curing
 o - a potion of lignification {unknown}
 q - 4 potions of brilliance
 z - a potion of might


   Skills:
 - Level 5.0 Fighting
 + Level 2.6 Staves
 - Level 4.0 Armour
 - Level 5.0 Dodging
 - Level 1.7 Stealth
 - Level 6.0 Unarmed Combat
 + Level 5.6 Spellcasting
 - Level 3.0 Conjurations
 - Level 3.0 Translocations
 + Level 9.6 Air Magic


You had 8 spell levels left.
You knew the following spells:

 Your Spells              Type           Power      Damage    Failure   Level
a - Shock                 Conj/Air       100%       1d9       1%          1
b - Static Discharge      Conj/Air       40%        N/A       1%          2
c - Swiftness             Air            55%        N/A       1%          3
d - Airstrike             Air            27%        N/A       1%          4
e - Blink                 Tloc           44%        N/A       3%          2

Your spell library contained the following spells:

 Spells                   Type           Power      Damage    Failure   Level
 Animate Skeleton         Necr           14%        N/A       8%          1
 Freeze                   Ice            28%        1d5       8%          1
 Pain                     Necr           28%        1d5       8%          1
 Slow                     Hex            28%        N/A       8%          1
 Confusing Touch          Hex            7%         N/A       22%         3
 Frozen Ramparts          Ice            14%        1d3       22%         3
 Vampiric Draining        Necr           7%         2d6       22%         3
 Hailstorm                Conj/Ice       15%        3d5       36%         4
 Iskenderun's Battlesphe  Conj           22%        2d8       52%         5
 Manifold Assault         Tloc           22%        N/A       52%         5
 Ice Form                 Ice/Tmut       7%         N/A       58%         4
 Conjure Ball Lightning   Conj/Air       20%        3x3d6     63%         6
 Fireball                 Conj/Fire      7%         3d5       73%         5
 Simulacrum               Ice/Necr       3%         N/A       100%        6
 Orb of Destruction       Conj           11%        9d6       100%        7
 Storm Form               Tmut/Air       16%        N/A       100%        7


Dungeon Overview and Level Annotations

Branches:
Dungeon (10/15)            Temple (0/1) D:7            Lair (1/6) D:9
    Orc: D:9-12

Shops:
D:4 :


Innate Abilities, Weirdness & Mutations

You have an increased reservoir of magic. (+10% MP)
You shall have no god before yourself.
Your divine heritage dramatically boosts your attributes as you level up.


Message History

The bullfrog closely misses you.
Casting: Static Discharge (safe; 1% risk of failure)
Confirm with . or Enter, or press ? or * to list all spells.
The bullfrog is struck by an arc of lightning!
The bullfrog is almost dead.
The lightning grounds out.
The yak is struck by an arc of lightning.
The yak is moderately wounded.
The komodo dragon is struck by an arc of lightning.
The komodo dragon is moderately wounded.
You are struck by an arc of lightning.
* * * LOW HITPOINT WARNING * * *
The lightning grounds out.
The yak misses you.
The bullfrog hits you but does no damage.
The yak gores you but does no damage. The komodo dragon bites you!!
* * * LOW HITPOINT WARNING * * *
Unknown command.
Unknown command.
Casting: Static Discharge (safe; 1% risk of failure)
Confirm with . or Enter, or press ? or * to list all spells.
The bullfrog is struck by an arc of lightning!
You kill the bullfrog!
The lightning grounds out.
The yak is struck by an arc of lightning!
The yak is heavily wounded.
The yak is struck by an arc of lightning.
The yak is moderately wounded.
The yak is struck by an arc of lightning.
The yak is severely wounded.
The lightning grounds out.
The komodo dragon is struck by an arc of lightning!
The komodo dragon is severely wounded.
The yak is struck by an arc of lightning.
The yak is severely wounded.
The lightning grounds out.
The yak gores you.
* * * LOW HITPOINT WARNING * * *
The yak gores you!
* * * LOW HITPOINT WARNING * * *
The komodo dragon bites you!
You die...

......)...≈....≈.≈.........#.....
...######....≈...≈......##.#####†
...######...≈≈≈.≈≈.≈..≈.##.# #..
...))))...≈.≈≈≈≈≈.≈≈≈≈..##.## #..
########...≈≈≈≈≈≈≈≈≈≈...##..# #..
#.≈≈≈≈≈≈≈≈≈≈≈≈....##.# #..
#.≈≈≈≈≈.≈.≈.≈≈≈≈.(##'###..
#.≈≈≈≈≈≈....≈≈≈........#..
#.≈≈≈≈≈..@Y≈.≈≈........##'
#.≈≈≈≈≈.†Yl..≈≈.≈.........
#.≈≈≈≈≈≈....≈≈≈...........
#..≈≈≈≈.....≈≈≈...........
#...≈≈≈≈...≈≈≈...#####....
#...≈≈≈≈≈.≈≈≈≈...# #....
#.....≈≈≈.≈≈≈≈≈..# ##...
#....≈≈≈≈.≈≈≈≈≈..# #...
#..≈≈.≈≈≈.≈.≈≈≈≈.# #...


You could see a komodo dragon and 2 yaks.

Vanquished Creatures
  Joseph (D:9)
  2 trolls (D:9)
  Prince Ribbit (D:5)
  A wyvern (D:7)
  A vampire (D:10)
  7 yaks
  2 steam dragons
  An acid dragon (D:10)
  A cane toad zombie (D:9)
  3 water moccasins (D:7)
  7 orc warriors
  3 ice beasts
  3 black bears (D:6)
  A hornet zombie (D:7)
  2 ogres
  4 wolves (D:9)
  2 centaurs (D:9)
  2 necrophages
  A kobold brigand (D:9)
  7 bullfrogs
  A wyvern zombie (D:6)
  2 gnoll sergeants (D:7)
  3 scorpions
  A water moccasin zombie (D:7)
  A wyvern skeleton (D:7)
  10 killer bees (D:9)
  2 electric eels (D:9)
  2 howler monkeys (D:6)
  A centaur zombie (D:6)
  A bullfrog zombie (D:6)
  3 gnoll shamans
  5 jellies
  7 orc priests
  6 hounds
  Jessica (D:2)
  2 iguanas
  10 orc wizards
  A killer bee zombie (D:8)
  A hound skeleton (D:4)
  2 howler monkey zombies
  9 gnolls (D:9)
  7 adders
  4 white imps
  An ufetubus (D:5)
  3 worms
  35 orcs
  3 endoplasms
  3 giant cockroaches (D:1)
  3 goblins
  2 hobgoblins
  3 jackals (D:1)
  3 quokkas
  6 ball pythons
  5 bats
  2 frilled lizards (D:1)
  11 kobolds
  6 rats
220 creatures vanquished.

Vanquished Creatures (collateral kills)
  A white imp (D:7)
1 creature vanquished.

Grand Total: 221 creatures vanquished

Notes
Turn   | Place    | Note
-------+----------+-------------------------------------------
     0 | D:1      | pkoi the Demigod Air Elementalist began the quest for the
                  | Orb.
     0 | D:1      | Reached XP level 1. HP: 14/14 MP: 5/5
   206 | D:1      | Reached skill level 3 in Air Magic
   261 | D:1      | Reached XP level 2. HP: 20/20 MP: 0/7
  1383 | D:1      | Reached XP level 3. HP: 26/26 MP: 1/9
  1800 | D:2      | Learned a level 2 spell: Static Discharge
  1804 | D:2      | Learned a level 3 spell: Swiftness
  2266 | D:2      | Noticed Jessica
  2271 | D:2      | Killed Jessica
  2483 | D:3      | Reached XP level 4. HP: 34/34 MP: 8/10
  2567 | D:3      | Reached skill level 4 in Air Magic
  3018 | D:3      | Reached skill level 1 in Fighting
  3018 | D:3      | Reached skill level 1 in Armour
  3018 | D:3      | Reached XP level 5. HP: 38/40 MP: 1/11
  4537 | D:4      | Found Kukuh's Book Shoppe.
  4988 | D:5      | Entered Level 5 of the Dungeon
  5014 | D:5      | Reached XP level 6. HP: 39/47 MP: 8/13
  5247 | D:5      | Reached skill level 5 in Air Magic
  5909 | D:4      | Reached XP level 7. HP: 41/56 MP: 3/14
  6184 | D:5      | Noticed Prince Ribbit
  6371 | D:5      | Killed Prince Ribbit
  6795 | D:5      | Reached skill level 6 in Air Magic
  6801 | D:5      | HP: 2/57 [poisoned by a scorpion]
  7210 | D:5      | Learned a level 4 spell: Airstrike
  7783 | D:6      | Reached skill level 1 in Unarmed Combat
  7987 | D:6      | Reached XP level 8. HP: 63/63 MP: 9/15
  8398 | D:6      | Identified the +3 robe of the Old World {Int-3 Dex+8}
  9219 | D:6      | Reached skill level 7 in Air Magic
 10667 | D:7      | Found a staircase to the Ecumenical Temple.
 11181 | D:7      | Reached XP level 9. HP: 65/72 MP: 1/16
 11941 | D:7      | Reached skill level 5 in Dodging
 11965 | D:7      | Reached skill level 8 in Air Magic
 12712 | D:7      | Reached skill level 5 in Fighting
 13344 | D:7      | Identified the +5 whip of Tumult {antimagic, rF+ SInv}
 15392 | D:9      | Reached skill level 5 in Unarmed Combat
 15646 | D:9      | Reached XP level 10. HP: 75/81 MP: 7/20
 15994 | D:4      | Bought an Inescapable Atlas for 374 gold pieces
 15997 | D:4      | Learned a level 2 spell: Blink
 16155 | D:8      | Reached skill level 1 in Conjurations
 16160 | D:8      | Reached skill level 9 in Air Magic
 16494 | D:9      | Reached skill level 1 in Translocations
 17101 | D:9      | Reached skill level 5 in Spellcasting
 17666 | D:9      | Found a staircase to the Lair.
 17895 | D:9      | Identified the +9 long sword of Hoine {vorpal, rN+}
 17895 | D:9      | Noticed Joseph
 18060 | D:9      | Killed Joseph
 18061 | D:9      | Reached skill level 1 in Staves
 18751 | D:10     | Entered Level 10 of the Dungeon
 19972 | Lair:1   | Entered Level 1 of the Lair of Beasts
 20097 | D:9      | Mangled by a komodo dragon

Illustrated notes

Levels and vault maps discovered:
D:1:      minmay_arrival_checkered_box, layout_basic, corexii_corridor_pit
D:2:      layout_rooms, hellmonk_ecumenical_altar_inner_sanctum,
          kennysheep_jessica_study
D:3:      layout_rooms, chequers_jeans
D:4:      layout_cave_pools, nicolae_inconvenience_store
D:5:      layout_rooms, uniq_prince_ribbit1
D:6:      layout_loops_corners, minmay_manual_mess
D:7:      layout_gridville, mainiacjoe_overflow_alcove_2, cheibriados_altar_1,
          minmay_temple_entry_slanted, minmay_joined_circles
D:8:      layout_basic, nicolae_gozag_seed_capital, bloody_makhleb,
          mainiacjoe_overflow_alcove_1, serial_bayou_pond_d
D:9:      layout_basic, nicolae_tso_swordbearing_angel, erik_lair_island,
          uniq_joseph
D:10:     layout_rooms, gammafunk_ghost_spectres
Lair:1:   layout_concentric_octagons, grunt_megastairs_5, uniq_grum

Skill      XL: |  1  2  3  4  5  6  7  8  9 10 |
---------------+-------------------------------+-----
Air Magic      | 3 4 5 6 7 8 9 |  9.6
Spellcasting   | 2 3 4 5 |  5.6
Dodging        | 2 3 4 5 |  5.0
Fighting       | 1 2 3 4 5 |  5.0
Armour         | 1 2 3 4 |  4.0
Unarmed Combat | 1 2 5 6 |  6.0
Conjurations   | 3 |  3.0
Translocations | 3 |  3.0
Staves         | 2 |  2.6
Stealth        | |  1.7

Action                   |  1- 3 |  4- 6 |  7- 9 | 10-12 || total
-------------------------+-------+-------+-------+-------++-------
Melee: Short sword       |    22 |    39 |    13 |       ||    74
       Unarmed           |     2 |       |       |       ||     2
       Punch             |     1 |     1 |       |     3 ||     5
       Spear             |       |       |    21 |    41 ||    62
       Quarterstaff      |       |       |       |    32 ||    32
 Cast: Shock             |    76 |   109 |   166 |    58 ||   409
       Static Discharge  |     1 |    17 |    56 |    21 ||    95
       Airstrike         |       |       |    43 |    39 ||    82
  Use: Scroll            |       |    10 |     9 |       ||    19
       Potion            |       |     2 |     4 |       ||     6
 Stab: Distracted        |       |       |       |     1 ||     1
Armor: Robe              |    17 |     1 |    38 |    33 ||    89
       Leather armour    |       |    31 |     1 |       ||    32
Dodge: Dodged            |    19 |    54 |    98 |   116 ||   287
